 Dungeon Crawl Stone Soup version 0.29.1-2-gbd0b4ee654 (webtiles) character file.

Game seed: 4950675786733012675

86 Icepheonix32 the Insei (level 4, 0/28 HPs)
             Began as an Octopode Transmuter on Nov 18, 2022.
             Slain by an orc
             ... wielding a +0 short sword
              (5 damage)
             ... on level 3 of the Dungeon.
             The game lasted 00:02:57 (2109 turns).

Icepheonix32 the Insei (Octopode Transmuter)        Turns: 2109, Time: 00:02:58

Health: 0/28       AC:  1    Str:  9    XL:     4   Next: 49%
Magic:  6/7        EV: 13    Int: 15    God:
Gold:   414        SH:  0    Dex: 14    Spells: 7/8 levels left

rFire   . . .      SeeInvis .     - Unarmed
rCold   + . .      Faith    .   (no shield)
rNeg    . . .      Spirit   .   (helmet currently unavailable)
rPois   .          Reflect  .   (no amulet)
rElec   .          Harm     .   m - ring of protection from cold
rCorr   .          Rampage  .   (no ring)
Will    .....                   (no ring)
Stlth   +++.......              (no ring)
HPRegen 0.09/turn               (no ring)
MPRegen 0.10/turn               (no ring)
                                (no ring)
                                (no ring)

@: appendages
A: tentacle spike 3, almost no armour, amphibious, 8 rings, camouflage 1,
gelatinous body 1, (nimble swimmer 1), tentacles
a: End Transformation


You were on level 3 of the Dungeon.
One of your tentacles had grown a beastly spike.
You visited 1 branch of the dungeon, and saw 3 of its levels.

You collected 648 gold pieces.
You spent 234 gold pieces at shops.

Inventory:

Missiles
 o - a throwing net
Magical Staves
 g - a staff of conjuration
 i - a staff of death
Jewellery
 c - an amulet of guardian spirit
 m - a ring of protection from cold (left tentacle)
Scrolls
 b - a scroll of identify
 d - a scroll of enchant armour
 h - 2 scrolls of teleportation
 k - a scroll of blinking
 n - a scroll of immolation
Potions
 a - 4 potions of lignification
 e - a potion of invisibility
 f - 3 potions of curing
 j - a potion of heal wounds
 l - a potion of brilliance


   Skills:
 + Level 1.2 Fighting
 * Level 2.6 Dodging
 + Level 1.5 Stealth
 + Level 3.6 Unarmed Combat
 + Level 2.6 Spellcasting
 * Level 2.6 Transmutations


You had 7 spell levels left.
You knew the following spells:

 Your Spells              Type           Power      Damage    Failure   Level
a - Beastly Appendage     Tmut           18%        N/A       7%          1

Your spell library contained the following spells:

 Spells                   Type           Power      Damage    Failure   Level
 Wereblood                Tmut           9%         N/A       11%         2
 Sublimation of Blood     Necr           1%         N/A       32%         2
 Spider Form              Tmut/Pois      5%         N/A       36%         3
 Ice Form                 Ice/Tmut       5%         N/A       77%         4
 Summon Hydra             Summ           0%         N/A       100%        7


Dungeon Overview and Level Annotations

Branches:
Dungeon (3/15)

Altars:

Shops:
D:1 *   D:2 [


Innate Abilities, Weirdness & Mutations

One of your tentacles has grown a beastly spike.
You cannot wear most types of armour.
You are amphibious.
You can wear up to eight rings at the same time.
Your skin changes colour to match your surroundings (Stealth+).
Your rubbery body absorbs attacks. (AC +1, EV +1)
((You are camouflaged when in or above water. (Stealth+)))
You have tentacles for arms and can constrict up to eight enemies at once.


Message History

You barely miss the orc. You grab the orc.
You pierce the orc, but do no damage.
You squeeze the orc.
The orc is heavily wounded.
You constrict the orc, but do no damage.
The orc hits you with a +0 whip.
You tentacle-slap the orc but do no damage.
You pierce the orc, but do no damage.
The orc is moderately wounded.
You constrict the orc, but do no damage.
The orc completely misses you.
You tentacle-slap the orc but do no damage.
You squeeze the orc, but do no damage.
The orc is moderately wounded.
You constrict the orc. The orc completely misses you.
Unknown command.
You tentacle-slap the orc.
You pierce the orc, but do no damage.
The orc is severely wounded.
Your tentacle spike disappears.
You constrict the orc, but do no damage.
The orc closely misses you.
You tentacle-slap the orc.
You kill the orc!
The orc throws a silver boomerang.
The silver boomerang hits you.
* * * LOW HITPOINT WARNING * * *
Unknown command.
The orc hits you but does no damage.
Items here: )) [ †.
You completely miss the orc. Your grab misses the orc.
The orc hits you with a +0 short sword.
* * * LOW HITPOINT WARNING * * *
Casting: Beastly Appendage (safe; 7% risk of failure)
Confirm with . or Enter, or press ? or * to list all spells.
One of your tentacles grows a vicious spike.
The orc hits you with a +0 short sword.
* * * LOW HITPOINT WARNING * * *
You tentacle-slap the orc. Your grab misses the orc.
You pierce the orc.
Your squeeze misses the orc.
The orc is moderately wounded.
The orc hits you with a +0 short sword.
You die...

#.# #.# #.# #.# #.#
#.# #.# #.# #.# #.#
#.# #.# #o# #.# #o#
#.# #@# ###.# ..
#)# ....# .... #.#
##### ..?..#.####
.)
........$.>########
##
......#...........#
##########.######(#
#.# #.# #.# #.#


You could see 2 orcs.

Vanquished Creatures
  An orc priest (D:3)
  An adder (D:2)
  A dart slug (D:1)
  2 orcs (D:3)
  8 ball pythons
  A giant cockroach (D:1)
  2 hobgoblins (D:1)
  7 jackals
  3 kobolds
  A quokka (D:3)
  4 bats (D:1)
  3 frilled lizards
  3 goblins
  5 rats
42 creatures vanquished.

Notes
Turn   | Place    | Note
-------+----------+-------------------------------------------
     0 | D:1      | Icepheonix32 the Octopode Transmuter began the quest for
                  | the Orb.
     0 | D:1      | Reached XP level 1. HP: 13/13 MP: 3/3
   323 | D:1      | Reached XP level 2. HP: 18/18 MP: 3/5
   395 | D:1      | Found Buorch's General Store.
   839 | D:1      | Reached XP level 3. HP: 21/23 MP: 4/6
   913 | D:1      | Identified a scroll of acquirement
   913 | D:1      | Acquired 517 gold pieces
   951 | D:1      | Bought a potion of curing for 36 gold pieces
   951 | D:1      | Bought a scroll of teleportation for 36 gold pieces
   951 | D:1      | Bought a scroll of noise for 12 gold pieces
   951 | D:1      | Bought a potion of heal wounds for 60 gold pieces
   951 | D:1      | Bought a scroll of blinking for 90 gold pieces
  1018 | D:2      | Found Peraa's Armour Shoppe.
  1484 | D:2      | Reached skill level 1 in Stealth
  2099 | D:3      | Reached XP level 4. HP: 16/28 MP: 7/7
  2109 | D:3      | Slain by an orc

Illustrated notes

Levels and vault maps discovered:
D:1:      elethiomel_arrival_infinity_welcomes_careful_drivers, layout_rooms,
          serial_shops, nicolae_shop_hallway_plus, minmay_pentomino_q4
D:2:      layout_rooms, serial_shops, shop, kennysheep_generic_room_13
D:3:      layout_basic

Skill      XL: |  1  2  3 |
---------------+----------+-----
Stealth        | 1 |  1.5
Fighting       | |  1.2
Dodging        | |  2.6
Unarmed Combat | |  3.6
Spellcasting   | |  2.6
Transmutations | |  2.6

Action                   |  1- 3 |  4- 6 || total
-------------------------+-------+-------++-------
Melee: Unarmed           |    76 |     8 ||    84
       Constrict         |    25 |     1 ||    26
       Kick              |    14 |     4 ||    18
       Tentacles         |    13 |     2 ||    15
       Punch             |     3 |       ||     3
 Cast: Beastly Appendage |    27 |     1 ||    28
  Use: Scroll            |     7 |       ||     7
       Potion            |     1 |       ||     1
 Stab: Sleeping          |     7 |       ||     7
Armor: Skin              |     7 |     1 ||     8
Dodge: Dodged            |    46 |     3 ||    49
